AoeStats
← Simple Jack, u mad?

Arena

506688723Analyzed
4v4 RM · 19d ago on Sep 14, 2026· 40m 22s· 8 players
Game mode
Random Map
Map size
Large (8 player)
Population
200
Speed
Normal
Resources
Standard
Victory
Conquest
Starting age
Dark Age
Ending age
Imperial Age
RankedLock teamsTeams togetherTeam positionsShared explorationLock speedFull tech treeHidden civsTurbo modeCheats
Victory
Defeat
🇦🇷 Persians · Argentina
1601
+15
🇨🇳 Koreans · China
1541
+17
1528
+18
🇵🇱 Goths · Poland
1476
+20
🇪🇸 Turks · Spain
1609
-19
🇸🇪 Persians · Sweden
1574
-18
🇳🇱 Mongols · Netherlands
1562
-17
🇩🇪 Shu · Germany
1544
-16
Dani_AOE2
9:21 Loom
11:09 Feudal Age
15:12 Castle Age
13:11 Double-Bit Axe
13:06 Horse Collar
15:25 Scale Barding Armor
17:21 Loom
27:02 Stone Mining
27:49 Wheelbarrow
27:00 Town Watch
27:09 Gold Mining
27:33 Bow Saw
28:41 Fletching
28:51 Padded Archer Armor
33:18 Imperial Age
31:15 Bodkin Arrow
31:49 Husbandry
32:36 Bloodlines
33:17 Ballistics
33:17 Hand Cart
34:12 Bracer
34:10 Light Cavalry
35:05 Thumb Ring
36:41 Gold Shaft Mining
35:51 Elite Mangudai
38:10 Forging
38:17 Leather Archer Armor
38:27 Chain Barding Armor
Hommi
11:03 Feudal Age
15:12 Castle Age
13:23 Double-Bit Axe
14:33 Horse Collar
16:09 Gold Mining
19:20 Loom
20:10 Wheelbarrow
27:07 Hand Cart
26:37 Loom
26:37 Town Watch
31:47 Imperial Age
29:32 Heavy Plow
30:20 Fortified Wall
30:42 Forging
30:32 Scale Mail Armor
31:06 Pikeman
31:46 Squires
31:31 Gambesons
31:53 Halberdier
32:51 Bow Saw
35:33 Chain Mail Armor
36:57 Conscription
Simple Jack, u mad?
10:37 Feudal Age
14:53 Castle Age
13:56 Double-Bit Axe
13:54 Horse Collar
17:02 Bow Saw
19:30 Wheelbarrow
19:20 Heavy Plow
25:33 Gold Mining
27:02 Loom
30:17 Imperial Age
28:22 Scale Barding Armor
28:39 Stone Mining
29:08 Masonry
29:38 Chain Barding Armor
30:09 Bloodlines
30:00 Husbandry
30:33 Forging
30:10 Cavalier
31:28 Plate Barding Armor
32:27 Crop Rotation
33:44 Iron Casting
34:47 Scale Mail Armor
35:47 Blast Furnace
35:18 Squires
34:39 Pikeman
35:54 Chain Mail Armor
35:56 Halberdier
37:04 Conscription
36:16 Savar
37:24 Fletching
38:38 Chemistry
Edutosu
11:24 Feudal Age
10:57 Loom
17:56 Castle Age
24:48 Double-Bit Axe
38:11 Imperial Age
35:40 Gold Mining
37:54 Fletching
Gasior
11:00 Feudal Age
14:45 Castle Age
14:23 Wheelbarrow
14:19 Double-Bit Axe
14:16 Horse Collar
20:49 Pikeman
21:19 Loom
23:48 Squires
24:35 Man-at-Arms
25:17 Scale Mail Armor
25:27 Forging
25:31 Long Swordsman
27:46 Chain Mail Armor
28:40 Bow Saw
28:34 Heavy Plow
28:37 Gold Mining
28:38 Stone Mining
33:23 Imperial Age
31:45 Hand Cart
31:46 Anarchy
33:37 Iron Casting
33:32 Elite Huskarl
34:53 Perfusion
35:14 Conscription
36:26 Coinage
35:38 Halberdier
38:16 Blast Furnace
39:00 Banking
Yucatan_water_supremacy
6:45 Loom
8:58 Feudal Age
10:58 Town Watch
11:07 Fletching
28:10 Castle Age
26:55 Double-Bit Axe
26:50 Horse Collar
29:33 Bow Saw
30:49 Wheelbarrow
30:44 Bodkin Arrow
40:37 Imperial Age
38:40 Hand Cart
39:26 Caravan
chenst2020
12:48 Feudal Age
16:27 Castle Age
14:18 Double-Bit Axe
14:26 Stone Mining
14:33 Loom
15:04 Gold Mining
17:44 Bow Saw
22:32 Fletching
25:48 Gold Shaft Mining
25:55 Bodkin Arrow
27:53 Wheelbarrow
30:02 Ballistics
34:22 Hand Cart
34:46 Stone Shaft Mining
39:11 Husbandry
EL_REY_TUT
10:26 Feudal Age
11:06 Double-Bit Axe
14:21 Castle Age
12:41 Horse Collar
24:44 Wheelbarrow
25:26 Gold Mining
26:01 Heavy Plow
26:14 Stone Mining
27:00 Gold Shaft Mining
29:21 Imperial Age
27:51 Hand Cart
27:43 Scale Barding Armor
28:03 Bow Saw
28:12 Forging
28:50 Stone Shaft Mining
28:23 Loom
28:49 Bloodlines
28:41 Town Watch
29:21 Masonry
29:50 Chain Barding Armor
29:56 Husbandry
29:42 Elite War Elephant
31:42 Plate Barding Armor
31:09 Husbandry
31:41 Conscription
32:24 Crop Rotation
33:12 Iron Casting
35:46 Blast Furnace
Connection lost

Rejoining the realm…

Still unreachable

The connection could not be restored.

Session expired

The server has moved on; the page needs a fresh start.